 Dungeon Crawl Stone Soup version 0.19.1 (webtiles) character file.

111 Faustar the Changer (level 4, -7/35 HPs)
             Began as a Draconian Transmuter on Dec 23, 2016.
             Killed by nerve-wracking pain
             ... invoked by Grinder
              (12 damage)
             ... on level 3 of the Dungeon.
             The game lasted 00:07:32 (2527 turns).

Faustar the Changer (Draconian Transmuter)          Turns: 2527, Time: 00:07:33

Health: -7/35      AC:  5    Str: 15    XL:     4   Next: 62%
Magic:  7/7        EV: 12    Int: 19    God:
Gold:   90         SH:  4    Dex: 11    Spells: 2 memorised, 3 levels left

rFire  . . .     SeeInvis .     h - +0 short sword (venom)
rCold  . . .     Gourm    .     (armour unavailable)
rNeg   . . .     Faith    .     d - +0 buckler
rPois  .         Spirit   .     (helmet restricted)
rElec  .         Reflect  .     (no cloak)
rCorr  .         Harm     .     (no gloves)
MR     .....                    (no boots)
Stlth  +.........               (no amulet)
                                (no ring)
                                (no ring)

@: brilliant
A: unfitting armour, fangs 1, stinger 1, strong 1, cold-blooded, AC +5
a: no special abilities


You were on level 3 of the Dungeon.
You were hungry.

You visited 1 branch of the dungeon, and saw 3 of its levels.

You collected 90 gold pieces.

Inventory:

Hand Weapons
 g - a +0 dagger
 h - a +0 short sword of venom (weapon)
Missiles
 a - 99 arrows
Armour
 d - a +0 buckler (worn)
Jewellery
 q - an uncursed ring of see invisible {unknown}
Wands
 t - a wand of slowing (26/48)
Scrolls
 f - a scroll of teleportation {unknown}
 i - a scroll of identify
 n - a scroll of recharging {unknown}
 o - a scroll of amnesia {unknown}
 p - a scroll of immolation {unknown}
 r - a scroll of fear {unknown}
 v - a scroll of enchant armour {unknown}
Potions
 e - a potion of lignification
 k - 3 potions of mutation
 l - a potion of resistance
Books
 b - a book of Changes

   Spells                             Type                      Level
   a - Beastly Appendage              Transmutation                1
   b - Sticks to Snakes               Transmutation                2
   c - Spider Form                    Transmutation/Poison         3
   d - Ice Form                       Ice/Transmutation            4
   e - Blade Hands                    Transmutation                5
Comestibles
 c - 3 bread rations
 j - 5 fruits
 u - a meat ration


   Skills:
 - Level 1.1 Fighting
 - Level 1.7 Dodging
 - Level 2.6 Shields
 - Level 3.0 Unarmed Combat
 - Level 2.0 Spellcasting
 - Level 3.1 Transmutations
 + Level 2.1 Poison Magic


You had 3 spell levels left.
You knew the following spells:

 Your Spells              Type           Power        Failure   Level  Hunger
a - Beastly Appendage     Tmut           ####..       1%          1    #......
b - Spider Form           Tmut/Pois      ###.......   2%          3    ###....


Dungeon Overview and Level Annotations

Branches:
Dungeon (3/15)

Altars:
Kikubaaqudgha
Ru
Sif Muna
Trog

Annotations:
D:3 Grinder


Innate Abilities, Weirdness & Mutations

Your plain brown scales are hard. (AC +5)
You cannot fit into any form of body armour.
You are cold-blooded and may be slowed by cold attacks.
You have very sharp teeth.
Your tail ends in a poisonous barb.
Your muscles are strong. (Str +2)


Message History

Your transformation is almost over.
Grinder blinks!
Grinder blinks!
Grinder gestures at you. You resist with significant effort.
Grinder blinks!
You feel less woody.
You closely miss Grinder.
Grinder is almost dead.
Grinder misses you.
You completely miss Grinder.
You tail-slap Grinder, but do no damage.
Grinder is almost dead.
You block Grinder's attack.
You are feeling hungry.
You closely miss Grinder.
Grinder is almost dead.
Grinder gestures at you. Pain shoots through your body!
You die...

..........'..........+...........
...#.....##......#+###...........
.........##.........##....###....
......[..##รท..............## ...
.........##................... .
..#.....##.....................
..#.....##.......##............
.........#.......'.............
......w..#......@#...####(#.##.
...............5##...####.#+##
................#............#
#####+###.......#..#.........#
#......##.......#.....###....#
#......++.......#............#
#......##.......#.##<..#.....#
#......##.......#.####.#.....#
#......##.......#............#.


You could see Grinder.

Vanquished Creatures
  A howler monkey skeleton (D:3)
  2 adders (D:3)
  An ooze (D:3)
  2 worms (D:2)
  2 dart slugs (D:1)
  2 leopard geckos
  An orc (D:3)
  5 giant cockroaches
  7 goblins
  8 hobgoblins
  4 jackals (D:2)
  A ball python (D:1)
  6 bats
  2 frilled lizards
  10 kobolds
  12 rats
66 creatures vanquished.

Notes
Turn   | Place    | Note
-------+----------+-------------------------------------------
     0 | D:1      | Faustar the Draconian Transmuter began the quest for the Orb.
     0 | D:1      | Reached XP level 1. HP: 16/16 MP: 3/3
   107 | D:1      | Reached skill level 1 in Shields
   189 | D:1      | Reached XP level 2. HP: 19/23 MP: 5/5
  1174 | D:1      | Reached XP level 3. HP: 23/28 MP: 6/6
  1183 | D:1      | Learned a level 3 spell: Spider Form
  1555 | D:2      | Reached skill level 1 in Poison Magic
  1733 | D:2      | Found a faded altar of an unknown god.
  2024 | D:3      | Reached XP level 4. HP: 35/35 MP: 7/7
  2172 | D:3      | Noticed Grinder
  2192 | D:3      | Paralysed by Grinder for 2 turns
  2447 | D:3      | Found a deep blue altar of Sif Muna.
  2447 | D:3      | Found a sacrificial altar of Ru.
  2447 | D:3      | Found a bloodstained altar of Trog.
  2452 | D:3      | Found an ancient bone altar of Kikubaaqudgha.
  2491 | D:3      | Paralysed by Grinder for 5 turns
  2500 | D:3      | Paralysed by Grinder for 5 turns
  2505 | D:3      | Gained mutation: Your muscles are strong. (Str +2) [potion of mutation]
  2505 | D:3      | Gained mutation: Your tail ends in a poisonous barb. [potion of mutation]
  2505 | D:3      | Gained mutation: You have very sharp teeth. [potion of mutation]
  2511 | D:3      | Paralysed by Grinder for 4 turns
  2527 | D:3      | Killed from afar by Grinder

Skill      XL: |  1  2  3  4 |
---------------+-------------+-----
Shields        | 1 2 |  2.6
Poison Magic   | 1 2 |  2.1
Transmutations | 3 |  3.1
Fighting       | |  1.1
Dodging        | |  1.7
Unarmed Combat | |  3.0
Spellcasting   | |  2.0

Action                   |  1- 3 |  4- 6 || total
-------------------------+-------+-------++-------
Melee: Unarmed           |    18 |       ||    18
       Dagger            |    55 |       ||    55
       Tailslap          |    21 |     7 ||    28
       Short sword       |   118 |    43 ||   161
       Kick              |     2 |       ||     2
       Headbutt          |       |     2 ||     2
 Cast: Beastly Appendage |     2 |     1 ||     3
  Use: Potion            |       |     3 ||     3
       Scroll            |       |     1 ||     1
  Eat: Chunk             |     4 |     1 ||     5
Armor: Skin              |    55 |    12 ||    67
Dodge: Dodged            |   105 |    24 ||   129
Block: Buckler           |    42 |     9 ||    51
